PIO (24 & UNDER)
CHULA VISTA TACOS @ SALEM SLEDGEHAMMERS
06/27/2023
 
TOP OF THE 1ST
Chula Vista Tacos batting - Pitching for Salem Sledgehammers : LHP Don Sutherland
Pitching: LHP Don Sutherland
Batting: RHB Jorge Collazo 0-0: Ball
1-0: Called Strike
1-1: Ball
2-1: Swinging Strike
2-2: Ball
3-2: Foul Ball, location: 2F
3-2: DOUBLE (Line Drive, 8LM)
Batting: RHB Doug Brown 0-0: Ball
1-0: Called Strike
1-1: Ball
2-1: Foul Ball, location: 2F
2-2: Foul Ball, location: 2F
2-2: Strikes out looking
Batting: RHB Scott Green 0-0: Swinging Strike
0-1: Ball
1-1: Ball
2-1: Foul Ball, location: 2F
2-2: Ball
3-2: Foul Ball, location: 2F
3-2: Strikes out swinging
Batting: LHB Mario Olivares 0-0: Foul Ball, location: 2F
0-1: Ball
1-1: Foul Ball, location: 2F
1-2: Ball
2-2: Fly out, F5 (Popup, 56S)
Top of the 1st over - 0 run(s), 1 hit(s), 0 error(s), 1 left on base; Chula Vista 0 - Salem 0
BOTTOM OF THE 1ST
Salem Sledgehammers batting - Pitching for Chula Vista Tacos : RHP Wayne Walker
Pitching: RHP Wayne Walker
Batting: RHB William Richardson 0-0: Ball
1-0: Called Strike
1-1: Ball
2-1: Foul Ball, location: 2F
2-2: Ball
3-2: Hit by Pitch
Batting: RHB Brandon Pope 0-0: Called Strike
0-1: Swinging Strike
0-2: Strikes out swinging
Batting: SHB Lee Townsend 0-0: Called Strike
0-1: SINGLE (Line Drive, 34D)
William Richardson to second
Batting: RHB Earnest Finnegan 0-0: Ball
1-0: Ball
2-0: Ball
3-0: Called Strike
3-1: SINGLE (Line Drive, 8RS)
William Richardson to third
Lee Townsend to second
Runner from 3rd tries for Home, SAFE, throw made at trailing runner, SAFE at third!
Batting: SHB Pepe Piña 0-0: Ball
1-0: Called Strike
1-1: Swinging Strike
1-2: Ball
2-2: Strikes out swinging
Batting: SHB Júlio Salazar 0-0: Foul Ball, location: 2F
0-1: Ball
1-1: DOUBLE (Line Drive, 3L)
Lee Townsend scores
Earnest Finnegan to third
Runner from 3rd tries for Home, SAFE, no throw or cutoff
Batting: LHB Brent Alonzo 0-0: Ball
1-0: Ball
2-0: DOUBLE (Line Drive, 7LM)
Júlio Salazar scores
Batting: RHB Fernando Pérez 0-0: Ball
1-0: Called Strike
1-1: Ball
2-1: Swinging Strike
2-2: Foul Ball, location: 2F
2-2: Ball
3-2: Foul Ball, location: 2F
3-2: Strikes out swinging
Bottom of the 1st over - 4 run(s), 4 hit(s), 0 error(s), 1 left on base; Chula Vista 0 - Salem 4
TOP OF THE 2ND
Chula Vista Tacos batting - Pitching for Salem Sledgehammers : LHP Don Sutherland
Batting: LHB José Torres 0-0: Ball
1-0: Ground out 4-3 (Groundball, 4)
Batting: RHB Luis Martínez 0-0: Ball
1-0: Ball
2-0: Called Strike
2-1: Ground out 6-3 (Groundball, 6)
Batting: RHB Manuel Guerrero 0-0: Called Strike
0-1: Ball
1-1: Swinging Strike
1-2: Ground out 6-3 (Groundball, 6)
Top of the 2nd over - 0 run(s), 0 hit(s), 0 error(s), 0 left on base; Chula Vista 0 - Salem 4
BOTTOM OF THE 2ND
Salem Sledgehammers batting - Pitching for Chula Vista Tacos : RHP Wayne Walker
Batting: RHB Dale Reeves 0-0: Swinging Strike
0-1: Ball
1-1: Foul Ball, location: 2F
1-2: Strikes out swinging
Batting: RHB William Richardson 0-0: Foul Ball, location: 2F
0-1: Ball
1-1: Called Strike
1-2: Foul Ball, location: 2F
1-2: Foul Ball, location: 2F
1-2: Ball
2-2: Foul Ball, location: 2F
2-2: Ball
3-2: Base on Balls
Batting: RHB Brandon Pope 0-0: Ball
1-0: Called Strike
1-1: SINGLE (Groundball, 56D)
William Richardson to second
Batting: SHB Lee Townsend 0-0: Called Strike
0-1: Foul Ball, location: 2F
0-2: Strikes out swinging
Batting: RHB Earnest Finnegan 0-0: Ball
1-0: Ball
2-0: Ground out 1-3 (Groundball, 15)
Bottom of the 2nd over - 0 run(s), 1 hit(s), 0 error(s), 2 left on base; Chula Vista 0 - Salem 4
TOP OF THE 3RD
Chula Vista Tacos batting - Pitching for Salem Sledgehammers : LHP Don Sutherland
Batting: SHB Brian Price 0-0: Foul Ball, location: 2F
0-1: Called Strike
0-2: Foul Ball, location: 2F
0-2: Ball
1-2: Fly out, F8 (Flyball, 8RM)
Batting: RHB Tim Davis 0-0: Foul Ball, location: 2F
0-1: Swinging Strike
0-2: SINGLE (Line Drive, 8LS)
Batting: RHB Jorge Collazo 0-0: Ball
1-0: DOUBLE (Line Drive, 5D)
Tim Davis to third
Runner from 3rd tries for Home, SAFE, no throw or cutoff
Batting: RHB Doug Brown 0-0: Ball
Wild Pitch!
Jorge Collazo to third
1-0: Foul Ball, location: 2F
1-1: Called Strike
1-2: Ball
2-2: Strikes out swinging
Batting: RHB Scott Green 0-0: DOUBLE (Line Drive, 7LD)
Jorge Collazo scores
Batting: LHB Mario Olivares 0-0: SINGLE (Flyball, 6MD)
Scott Green to third
Runner from 3rd tries for Home, SAFE, no throw or cutoff
Batting: LHB José Torres 0-0: Ball
1-0: Swinging Strike
1-1: Swinging Strike
1-2: Fly out, F3 (Line Drive, 3)
Top of the 3rd over - 3 run(s), 4 hit(s), 0 error(s), 1 left on base; Chula Vista 3 - Salem 4
BOTTOM OF THE 3RD
Salem Sledgehammers batting - Pitching for Chula Vista Tacos : RHP Wayne Walker
Batting: SHB Pepe Piña 0-0: Ball
1-0: Ball
2-0: Called Strike
2-1: Ball
3-1: Base on Balls
Batting: SHB Júlio Salazar 0-0: Ball
1-0: Ball
2-0: Ball
3-0: Called Strike
3-1: Called Strike
3-2: Strikes out swinging
Batting: LHB Brent Alonzo 0-0: Called Strike
0-1: Foul Ball, location: 2F
0-2: Fly out, F7 (Flyball, 78M)
Batting: RHB Fernando Pérez 0-0: Ball
Pepe Piña steals 2nd base
1-0: SINGLE (Line Drive, 4D)
Pepe Piña to third
Runner from 3rd tries for Home, SAFE, no throw or cutoff
Batting: RHB Dale Reeves 0-0: Fly out, F4 (Popup, 34D)
Bottom of the 3rd over - 1 run(s), 1 hit(s), 0 error(s), 1 left on base; Chula Vista 3 - Salem 5
TOP OF THE 4TH
Chula Vista Tacos batting - Pitching for Salem Sledgehammers : LHP Don Sutherland
Batting: RHB Luis Martínez 0-0: Fly out, F9 (Flyball, 8RM)
Batting: RHB Manuel Guerrero 0-0: Called Strike
0-1: Ball
1-1: Called Strike
1-2: Foul Ball, location: 2F
1-2: Fly out, F8 (Flyball, 8RM)
Batting: SHB Brian Price 0-0: Ball
1-0: Swinging Strike
1-1: Ball
2-1: Ball
3-1: Swinging Strike
3-2: Base on Balls
Batting: RHB Tim Davis 0-0: DOUBLE (Flyball, 9D)
Brian Price to third
Runner from 3rd tries for Home, throw and OUT!
Top of the 4th over - 0 run(s), 1 hit(s), 0 error(s), 1 left on base; Chula Vista 3 - Salem 5
BOTTOM OF THE 4TH
Salem Sledgehammers batting - Pitching for Chula Vista Tacos : RHP Wayne Walker
Batting: RHB William Richardson 0-0: Called Strike
0-1: Called Strike
0-2: Foul Ball, location: 2F
0-2: Ball
1-2: Strikes out swinging
Batting: RHB Brandon Pope 0-0: Called Strike
0-1: Foul Ball, location: 2F
0-2: Foul Ball, location: 2F
0-2: Ball
1-2: Ball
2-2: Ground out 6-3 (Groundball, 6M)
Batting: SHB Lee Townsend 0-0: Ball
1-0: Swinging Strike
1-1: Called Strike
1-2: Strikes out swinging
Bottom of the 4th over - 0 run(s), 0 hit(s), 0 error(s), 0 left on base; Chula Vista 3 - Salem 5
TOP OF THE 5TH
Chula Vista Tacos batting - Pitching for Salem Sledgehammers : LHP Don Sutherland
Batting: RHB Jorge Collazo 0-0: SINGLE (Line Drive, 6M)
Batting: RHB Doug Brown 0-0: Ball
1-0: Called Strike
1-1: Ball
2-1: Called Strike
2-2: Fly out, F7 (Flyball, 78M)
Batting: RHB Scott Green 0-0: Called Strike
Jorge Collazo is caught stealing 2nd base
0-1: Foul Ball, location: 2F
0-2: Ball
1-2: Ground out 2-3 (Groundball, 2R)
Top of the 5th over - 0 run(s), 1 hit(s), 0 error(s), 0 left on base; Chula Vista 3 - Salem 5
BOTTOM OF THE 5TH
Salem Sledgehammers batting - Pitching for Chula Vista Tacos : RHP Wayne Walker
Pitching: RHP Jody Clemente
Batting: RHB Earnest Finnegan 0-0: Ground out 3-1 (Groundball, 34)
Batting: SHB Pepe Piña 0-0: Ball
1-0: Ground out 6-3 (Groundball, 6M)
Batting: SHB Júlio Salazar 0-0: Swinging Strike
0-1: Swinging Strike
0-2: Strikes out swinging
Bottom of the 5th over - 0 run(s), 0 hit(s), 0 error(s), 0 left on base; Chula Vista 3 - Salem 5
TOP OF THE 6TH
Chula Vista Tacos batting - Pitching for Salem Sledgehammers : LHP Don Sutherland
Batting: LHB Mario Olivares 0-0: Called Strike
0-1: Ball
1-1: Foul Ball, location: 2F
1-2: Foul Ball, location: 2F
1-2: Strikes out swinging
Batting: LHB José Torres 0-0: Called Strike
0-1: Swinging Strike
0-2: Strikes out looking
Batting: RHB Luis Martínez 0-0: Ball
1-0: Foul Ball, location: 2F
1-1: Swinging Strike
1-2: Foul Ball, location: 2F
1-2: Strikes out swinging
Top of the 6th over - 0 run(s), 0 hit(s), 0 error(s), 0 left on base; Chula Vista 3 - Salem 5
BOTTOM OF THE 6TH
Salem Sledgehammers batting - Pitching for Chula Vista Tacos : RHP Jody Clemente
Batting: LHB Brent Alonzo 0-0: Swinging Strike
0-1: Fly out, F7 (Flyball, 7M)
Batting: RHB Fernando Pérez 0-0: SINGLE (Flyball, 9LM)
Batting: RHB Dale Reeves 0-0: Ball
1-0: Swinging Strike
1-1: Ball
2-1: Swinging Strike
2-2: Ball
3-2: Foul Ball, location: 2F
3-2: Strikes out looking
Batting: RHB William Richardson 0-0: Ball
1-0: Fly out, F8 (Line Drive, 8LM)
Bottom of the 6th over - 0 run(s), 1 hit(s), 0 error(s), 1 left on base; Chula Vista 3 - Salem 5
TOP OF THE 7TH
Chula Vista Tacos batting - Pitching for Salem Sledgehammers : LHP Don Sutherland
Pitching: RHP Carlos Morán
Batting: RHB Manuel Guerrero 0-0: Foul Ball, location: 2F
0-1: Foul Ball, location: 2F
0-2: Strikes out swinging
Batting: SHB Brian Price 0-0: Foul Ball, location: 2F
0-1: Foul Ball, location: 2F
0-2: Ball
1-2: Ball
2-2: Ball
3-2: Strikes out swinging
Batting: RHB Tim Davis 0-0: Ground out 5-3 (Groundball, 56)
Top of the 7th over - 0 run(s), 0 hit(s), 0 error(s), 0 left on base; Chula Vista 3 - Salem 5
BOTTOM OF THE 7TH
Salem Sledgehammers batting - Pitching for Chula Vista Tacos : RHP Jody Clemente
Pitching: RHP Mike Marrero
Batting: RHB Brandon Pope 0-0: Ball
1-0: Ball
2-0: Ball
3-0: Called Strike
3-1: Foul Ball, location: 2F
3-2: Strikes out swinging
Batting: SHB Lee Townsend 0-0: Ball
1-0: Foul Ball, location: 2F
1-1: Ball
2-1: Foul Ball, location: 2F
2-2: Ball
3-2: Fly out, F8 (Flyball, 8RD)
Batting: RHB Earnest Finnegan 0-0: Called Strike
0-1: Swinging Strike
0-2: Ball
1-2: DOUBLE (Popup, 9LS)
Batting: SHB Pepe Piña 0-0: SINGLE (Groundball, 23) (infield hit)
Earnest Finnegan to third
Pinch Hitting: RHB B.J. Allen 0-0: Swinging Strike
0-1: Swinging Strike
0-2: Ball
1-2: Strikes out swinging
Bottom of the 7th over - 0 run(s), 2 hit(s), 0 error(s), 2 left on base; Chula Vista 3 - Salem 5
TOP OF THE 8TH
Chula Vista Tacos batting - Pitching for Salem Sledgehammers : RHP Carlos Morán
Now in RF: B.J. Allen
Batting: RHB Jorge Collazo 0-0: Ball
1-0: Ball
2-0: Ball
3-0: Called Strike
3-1: Base on Balls
Pitching: RHP Vaughan Gillespie
Batting: RHB Doug Brown 0-0: Called Strike
0-1: Foul Ball, location: 2F
0-2: Foul Ball, location: 2F
0-2: Foul Ball, location: 2F
0-2: Strikes out swinging
Batting: RHB Scott Green 0-0: Grounds into double play, 4-6-3 (Groundball, 34)
Top of the 8th over - 0 run(s), 0 hit(s), 0 error(s), 0 left on base; Chula Vista 3 - Salem 5
BOTTOM OF THE 8TH
Salem Sledgehammers batting - Pitching for Chula Vista Tacos : RHP Mike Marrero
Batting: LHB Brent Alonzo 0-0: Ball
1-0: Ball
2-0: Ground out 4-3 (Groundball, 4)
Batting: RHB Fernando Pérez 0-0: Ball
1-0: Called Strike
1-1: Ball
2-1: Ball
3-1: Base on Balls
Batting: RHB Dale Reeves 0-0: Fielders Choice at 2nd, 6-4 (Groundball, 6M)
Batting: RHB William Richardson 0-0: Ball
1-0: Ball
2-0: Ball
3-0: Called Strike
3-1: Fly out, F8 (Flyball, 8LM)
Bottom of the 8th over - 0 run(s), 0 hit(s), 0 error(s), 1 left on base; Chula Vista 3 - Salem 5
TOP OF THE 9TH
Chula Vista Tacos batting - Pitching for Salem Sledgehammers : RHP Vaughan Gillespie
Pitching: RHP Rick Haynes
Batting: LHB Mario Olivares 0-0: Ball
1-0: Ball
2-0: Foul Ball, location: 2F
2-1: SINGLE (Groundball, 34D)
Batting: LHB José Torres 0-0: Called Strike
0-1: Ball
1-1: Ball
2-1: Fielders Choice at 2nd, 1-6 (Groundball, 13)
Pinch Hitting: LHB Noriaki Sangi 0-0: Called Strike
0-1: Ball
1-1: Grounds into double play, 4-6-3 (Groundball, 4M)
Top of the 9th over - 0 run(s), 1 hit(s), 0 error(s), 0 left on base; Chula Vista 3 - Salem 5
This league is powered by Out of the Park Baseball, the baseball management simulation game for PC, Mac and Linux
Wednesday, December 2nd, 2015 - OOTP Baseball 16.8 Build 38